 Dungeon Crawl Stone Soup version 0.32-a0-411-g744942f433 (webtiles) character file.

Game seed: 4816476554493515943

45 shadowstone the Sneak (level 3, -1/2 HPs)
             Began as a Coglin Brigand on Feb 20, 2024.
             Slain by an adder (2 damage)
             ... on level 3 of the Dungeon.
             The game lasted 00:04:46 (2056 turns).

shadowstone the Sneak (Coglin Brigand)              Turns: 2056, Time: 00:04:46

Health: -1/2       AC:  0    Str: 11    XL:     3   Next: 64%
Magic:  3/3        EV:  5    Int: 16    God:
Gold:   60         SH:  0    Dex: 17    Spells: 2/2 levels left

rFire   . . .        a - melded +2 dagger {Kanchana}
rCold   . . .        (shield currently unavailable)
rNeg    . . .        g - +0 chain mail
rPois   .            (no helmet)
rElec   .            j - scarf {+Inv}
rCorr   .            (gloves currently unavailable)
SInv    .            (no boots)
Will    .....        (no amulet) Stlth
                     i - +6 ring of intelligence
HPRegen 0.20/turn    (no ring)
MPRegen 0.08/turn

%: no passive effects
@: blade graspers, immotile, revving
A: reduced hp, off-hand wielding, slow wielding, warmup strikes, legs shutdown
a: Begin Untransformation, Evoke Invisibility


You were on level 3 of the Dungeon.
You had blades for graspers.
You visited 1 branch of the dungeon, and saw 3 of its levels.

You collected 60 gold pieces.

Inventory:

Hand Weapons
 a - a +2 dagger (melded) {Kanchana}
Missiles
 d - 11 poisoned darts (quivered)
 e - 3 curare-tipped darts
Armour
 b - a +0 robe
 c - a +0 cloak
 f - a +0 scale mail
 g - a +0 chain mail (worn)
 j - a scarf of invisibility (worn)
Jewellery
 i - a +6 ring of intelligence (left blade grasper)
Talismans
 k - a blade talisman (active)
Potions
 h - a potion of brilliance {unknown}


   Skills:
 + Level 2.1 Fighting
 + Level 2.3 Short Blades
 + Level 2.5 Throwing
 + Level 0.1 Armour
 + Level 0.8 Dodging
 + Level 3.6 Stealth


You had 2 spell levels left.
You didn't know any spells.
Your spell library was empty.

Dungeon Overview and Level Annotations

Branches:
Dungeon (2/15)

Altars:

Shops:
D:1 :


Innate Abilities, Weirdness & Mutations

You have blades for graspers.
Your maximum health is decreased, since you lack skill for your form.
You are incapable of wielding weapons or throwing items.
You can wield a second weapon in your off-hand.
It takes a long time for you to wield or remove held weapons.
Your first few attacks do less damage.
Attacking and casting redirects power from your legs.


Message History

You cannot move.
You cannot move.
You start resting.
You are no longer unable to travel.
A rat comes into view.
The rat squeaks loudly.
You completely miss the rat. The rat bites you but does no damage.
You hit the rat.
You kill the rat!
You cannot move.
You cannot move.
You start resting.
You are no longer unable to travel.
Found 5 stones.
Found a stone staircase leading down.
Found a blade talisman.
You see here a blade talisman.
k - a blade talisman You begin transforming.
You continue transforming. x3
Your graspers turn into razor-sharp scythe blades.
Your +2 dagger {Kanchana} melds into your body.
HP restored.
There is a shaft here.
There is a shaft here.
There is a stone staircase leading down here.
There is a shaft here.
You fall into a shaft and drop 1 floor!
The shaft crumbles and collapses.
Found a short sword.
An adder comes into view.
The adder hisses angrily.
You hit the adder.
The adder is moderately wounded.
The adder bites you.
Ouch! That really hurt!
You closely miss the adder.
The adder is moderately wounded.
The adder barely misses you. The adder bites you.
Ouch! That really hurt!
You die...

##. #..
... .. ###
#. ...
#.##.#
#....#
#..#
#.@####.#
#)S.....#
##.####...
#.# #....#
####.# #


You could see an adder.

Vanquished Creatures
  6 endoplasms (D:1)
  2 giant cockroaches
  A goblin (D:1)
  4 hobgoblins (D:1)
  A quokka (D:1)
  2 ball pythons (D:1)
  A bat (D:1)
  3 frilled lizards
  2 kobolds (D:1)
  3 rats
25 creatures vanquished.

Notes
Turn   | Place    | Note
-------+----------+-------------------------------------------
     0 | D:1      | shadowstone the Coglin Brigand began the quest for the Orb.
     0 | D:1      | Reached XP level 1. HP: 16/16 MP: 1/1
    93 | D:1      | Found Zyer's Book Emporium.
   106 | D:1      | Reached XP level 2. HP: 9/22 MP: 2/2
   540 | D:1      | Reached XP level 3. HP: 23/27 MP: 3/3
  2049 | D:2      | You fall into a shaft and drop 1 floor!
  2056 | D:3      | Slain by an adder

Illustrated notes

Levels and vault maps discovered:
D:1:      dpeg_arrival_rooms_with_view, layout_rooms, serial_shops, shop
D:2:      layout_rooms, ebering_ecumenical_altar_box, basic_altar, uniq_terence
D:3:      minmay_goblin_kobold_castle, layout_loops_cross,
          amcnicky_altar_gilded, serial_shops, shop_fountains

Skill      XL: |  1  2 |
---------------+-------+-----
Short Blades   | 2 |  2.3
Throwing       | 2 |  2.5
Fighting       | |  2.1
Armour         | |  0.1
Dodging        | |  0.8
Stealth        | |  3.6

Action                     || total
---------------------------++-------
  Melee: Dagger            ||    74
         Unarmed           ||     2
  Throw: Dart              ||    21
 Armour: Robe              ||    12
         Chain mail        ||    50
         Scale mail        ||    12
  Dodge: Dodged            ||    32
   Form: Blade             ||     1

Table legend: (Time is in decaauts)
 A = Elapsed time spent in this place.
 B = Non-inter-level travel time spent in this place.
 C = Inter-level travel time spent in this place.
 D = Time resting spent in this place.
 E = Time spent auto-exploring this place.
 F = Levels seen in this place.
 G = Mean time per level.
                   A        B        C        D        E       F      G
               +--------+--------+--------+--------+--------+-----+--------+
         Total |   2045 |   2024 |     21 |   1438 |     43 |   3 |  681.7 |
       Dungeon |   2045 |   2024 |     21 |   1438 |     43 |   3 |  681.7 |
               +--------+--------+--------+--------+--------+-----+--------+

Top non-repeatable levels by time:
     D:1: 1965 daAuts
     D:2: 73 daAuts
     D:3: 6 daAuts
